 Dungeon Crawl Stone Soup version 0.21.1-1-g345015f (webtiles) character file.

82 Mesmaeker13 the Slasher (level 4, -3/36 HPs)
             Began as a Demigod Skald on Mar 2, 2018.
             Slain by Natasha (5 damage)
             ... on level 1 of the Dungeon.
             The game lasted 00:02:43 (1566 turns).

Mesmaeker13 the Slasher (Demigod Skald)             Turns: 1566, Time: 00:02:44

Health: -3/36      AC:  6    Str: 16    XL:     4   Next: 1%
Magic:  9/9        EV: 10    Int: 17    God:
Gold:   59         SH:  0    Dex: 15    Spells: 5/6 levels left

rFire    . . .     SeeInvis .   a - +0 falchion
rCold    . . .     Gourm    .   (no shield)
rNeg     . . .     Faith    .   j - +0 scale mail
rPois    .         Spirit   .   (no helmet)
rElec    .         Reflect  .   (no cloak)
rCorr    .         Harm     .   (no gloves)
MR       .....                  (no boots)
Stlth    ..........             (no amulet)
HPRegen  0.12/turn              (no ring)
MPRegen  0.11/turn              (no ring)

@: flying
A: high mp 1
a: no special abilities


You were on level 1 of the Dungeon.
You were not hungry.

You visited 1 branch of the dungeon, and saw 2 of its levels.

You collected 59 gold pieces.

Inventory:

Hand Weapons
 a - a +0 falchion (weapon)
Armour
 j - a +0 scale mail (worn)
Scrolls
 e - a scroll of enchant weapon {unknown}
 g - a scroll of amnesia {unknown}
 h - a scroll of teleportation {unknown}
 i - a scroll of magic mapping {unknown}
 k - a scroll of fear {unknown}
Books
 c - a book of Battle

   Spells                             Type                      Level
   a - Infusion                       Charms                       1
   b - Shroud of Golubria             Charms/Translocation         2
   c - Song of Slaying                Charms                       2
   d - Spectral Weapon                Hexes/Charms                 3
   e - Regeneration                   Charms/Necromancy            3
Comestibles
 d - 2 rations


   Skills:
 + Level 2.1 Fighting
 + Level 3.0 Long Blades
 + Level 1.8 Armour
 - Level 2.0 Dodging
 - Level 1.9 Spellcasting
 + Level 2.9 Charms


You had 5 spell levels left.
You knew the following spells:

 Your Spells              Type           Power        Failure   Level  Hunger
a - Infusion              Chrm           ##..         22%         1    #......


Dungeon Overview and Level Annotations

Branches:
Dungeon (2/15)

Annotations:
D:1 Natasha


Innate Abilities, Weirdness & Mutations

You have an increased reservoir of magic. (+10% MP)


Message History

Natasha, Servant of Life and Death comes into view.
Natasha hisses angrily.
You hit the kobold.
You kill the kobold!
You see here a dagger.
You see here the felid corpse of Natasha.
You see here the felid corpse of Natasha.
You butcher the felid corpse of Natasha.
Natasha stares at you and mumbles some strange words.
The magic dart hits you!
* * * LOW HITPOINT WARNING * * *
You see here a chunk of flesh.
You miss Natasha. Natasha claws you!
* * * LOW HITPOINT WARNING * * *
You closely miss Natasha. Natasha claws you but does no damage.
It was a potion of flight.
You feel very buoyant.
You fly up into the air.
Natasha barely misses you.
You miss Natasha. Natasha claws you.
You die...

##.#.##..#....## #####........#.#
...#...#.#....# #.....#.#.#..#.#
...###.#.#....# #...............
##.###.#......# #.###....)...#.#
##............# #.....###.......
##.###.#..#.#.## #.##..# #....#.#
.......#.......# #.##.## #....#.#
....##.#.......###.##.####......#
##..##......#..h@..##'##.........
............#..######.##.#....###
.......##.#.#..# #'##...##.###
....##.##.#....# #.##.#.##....
....##.####...## ##'##.........
....##.........#####...######.###
############.>.'.'.+.<.'.'.'..#
#############(######...#####..#
..##........((#######'#######.#


You could see Natasha.

Vanquished Creatures
  Natasha (twice) (D:2 D:1)
  2 worms (D:2)
  A dart slug (D:1)
  A leopard gecko (D:1)
  A ball python (D:1)
  2 giant cockroaches (D:1)
  A goblin (D:1)
  5 bats (D:1)
  11 frilled lizards (D:1)
  3 kobolds (D:1)
  A rat (D:1)
30 creatures vanquished.

Notes
Turn   | Place    | Note
-------+----------+-------------------------------------------
     0 | D:1      | Mesmaeker13 the Demigod Skald began the quest for the Orb.
     0 | D:1      | Reached XP level 1. HP: 17/17 MP: 5/5
   469 | D:1      | Reached XP level 2. HP: 24/24 MP: 7/7
   508 | D:1      | Reached skill level 2 in Long Blades
   513 | D:1      | Reached skill level 1 in Armour
  1234 | D:2      | Noticed Natasha
  1249 | D:2      | Killed Natasha
  1249 | D:2      | Reached XP level 3. HP: 29/29 MP: 8/8
  1252 | D:2      | Noticed Natasha
  1548 | D:1      | Killed Natasha
  1548 | D:1      | Reached skill level 3 in Long Blades
  1548 | D:1      | Reached XP level 4. HP: 15/36 MP: 9/9
  1557 | D:1      | Noticed Natasha
  1566 | D:1      | Slain by Natasha

Skill      XL: |  1  2  3 |
---------------+----------+-----
Dodging        | 2 |  2.0
Long Blades    | 2 3 |  3.0
Armour         | 1 |  1.8
Fighting       | 2 |  2.1
Spellcasting   | |  1.9
Charms         | |  2.9

Action                   |  1- 3 |  4- 6 || total
-------------------------+-------+-------++-------
Melee: Falchion          |   112 |    11 ||   123
       Unarmed           |     5 |       ||     5
  Use: Potion            |     1 |     1 ||     2
 Stab: Sleeping          |     2 |       ||     2
  Eat: Chunk             |     1 |       ||     1
       Ration            |     1 |       ||     1
Armor: Leather armour    |    15 |       ||    15
       Scale mail        |    27 |     5 ||    32
       Skin              |    10 |       ||    10
Dodge: Dodged            |    52 |     4 ||    56
       Rpst.: Falchion   |    14 |     1 ||    15
